AoeStats
← サンテアゴ

Arena

509551588Analyzed
4v4 RM · 6d ago on Sep 27, 2026· 55m 45s· 8 players
Game mode
Random Map
Map size
Large (8 player)
Population
200
Speed
Normal
Resources
Standard
Victory
Conquest
Starting age
Dark Age
Ending age
Imperial Age
RankedLock teamsTeams togetherTeam positionsShared explorationLock speedFull tech treeHidden civsTurbo modeCheats
Victory
Defeat
🇦🇷 Inca · Argentina
963
+17
🇫🇷 Spanish · France
959
+18
🇯🇵 Hindustanis · Japan
955
+18
🇷🇴 Byzantines · Romania
954
+18
🇻🇳 Franks · Vietnam
1045
-20
🇮🇳 Persians · India
1004
-18
🇹🇼 Romans · Taiwan
1002
-18
🇻🇳 Jurchens · Vietnam
926
-15
Tào Tháo
1:32 Loom
12:43 Feudal Age
13:38 Double-Bit Axe
13:35 Horse Collar
14:52 Gold Mining
14:54 Stone Mining
22:27 Castle Age
21:50 Forging
22:31 Wheelbarrow
23:57 Bow Saw
24:44 Iron Casting
24:13 Heavy Plow
24:46 Bloodlines
32:17 Imperial Age
30:36 Gold Shaft Mining
30:36 Stone Shaft Mining
30:32 Husbandry
31:37 Scale Barding Armor
31:44 Fortified Wall
31:54 Ballistics
31:35 Murder Holes
32:02 Treadmill Crane
32:53 Padded Archer Armor
32:56 Elite Skirmisher
36:21 Blast Furnace
36:17 Hand Cart
37:36 Leather Archer Armor
38:13 Stone Shaft Mining
50:55 Two-Man Saw
Dark_Knight
6:24 Loom
11:02 Feudal Age
14:50 Castle Age
14:14 Double-Bit Axe
14:09 Horse Collar
15:41 Bow Saw
21:26 Masonry
22:08 Fortified Wall
24:12 Wheelbarrow
24:31 Gold Mining
25:51 Town Watch
28:50 Imperial Age
27:45 Heavy Plow
29:28 Gold Shaft Mining
28:44 Stone Mining
29:38 Ballistics
30:30 Pikeman
31:11 Squires
33:38 Siege Engineers
34:36 Chemistry
34:17 Scale Mail Armor
34:56 Forging
34:57 Halberdier
35:55 Chain Mail Armor
35:31 Capped Ram
36:39 Caravan
36:43 Fletching
37:30 Iron Casting
37:03 Heavy Scorpion
38:37 Siege Ram
39:50 Ballistas
40:05 Conscription
41:32 Blast Furnace
41:12 Architecture
40:23 Man-at-Arms
41:27 Guilds
41:45 Town Patrol
41:14 Long Swordsman
42:50 Scale Barding Armor
42:43 Guard Tower
42:49 Bodkin Arrow
42:52 Murder Holes
43:32 Legionary
45:04 Bloodlines
44:54 Husbandry
44:15 Light Cavalry
46:53 Hand Cart
47:29 Comitatenses
49:14 Coinage
49:34 Chain Barding Armor
49:15 Padded Archer Armor
Đại Việt 2026
0:47 Loom
12:58 Feudal Age
16:29 Castle Age
15:15 Double-Bit Axe
30:50 Imperial Age
28:43 Bow Saw
29:42 Wheelbarrow
29:43 Ordonnance Companies
31:42 Ballistics
33:21 Chemistry
33:13 Elite Throwing Axeman
34:19 Hand Cart
35:14 Elite Skirmisher
41:01 Cavalier
41:42 Husbandry
42:09 Cavalier
42:50 Husbandry
44:00 Scale Mail Armor
44:10 Forging
44:07 Scale Barding Armor
43:52 Paladin
49:49 Squires
50:16 Pikeman
f4k3gamer
10:50 Feudal Age
14:37 Castle Age
13:54 Loom
14:48 Wheelbarrow
14:14 Double-Bit Axe
19:14 Horse Collar
22:37 Hand Cart
24:20 Bow Saw
24:15 Heavy Plow
24:09 Stone Mining
26:49 Gold Mining
27:34 Stone Shaft Mining
32:59 Imperial Age
32:24 Gold Shaft Mining
33:03 Fletching
33:19 Scale Barding Armor
33:25 Forging
33:42 Conscription
32:50 Elite War Elephant
33:45 Citadels
34:58 Murder Holes
35:43 Chain Barding Armor
35:59 Iron Casting
36:34 Chemistry
37:36 Husbandry
37:47 Bloodlines
38:00 Bodkin Arrow
38:44 Plate Barding Armor
39:11 Blast Furnace
L.U.C.4
12:57 Feudal Age
16:53 Castle Age
16:12 Double-Bit Axe
17:35 Wheelbarrow
16:46 Loom
17:57 Bow Saw
20:40 Horse Collar
24:23 Gold Mining
24:25 Stone Mining
25:30 Scale Barding Armor
25:37 Forging
31:57 Imperial Age
29:42 Hand Cart
30:35 Heavy Plow
31:13 Gold Shaft Mining
31:22 Stone Shaft Mining
32:18 Pikeman
32:59 Squires
32:45 Arson
32:45 Gambesons
32:23 Man-at-Arms
34:44 Halberdier
35:49 Thumb Ring
35:05 Crossbowman
36:47 Chain Barding Armor
36:20 Fletching
36:30 Padded Archer Armor
36:41 Forging
37:46 Hoardings
37:28 Bodkin Arrow
38:52 Crop Rotation
38:37 Murder Holes
38:52 Capped Ram
40:59 Bracer
41:00 Scale Mail Armor
41:37 Iron Casting
40:32 Heavy Cavalry Archer
46:49 Onager
51:04 Siege Ram
52:56 Chain Barding Armor
52:53 Chain Mail Armor
52:53 Leather Archer Armor
サンテアゴ
11:32 Feudal Age
15:44 Castle Age
13:53 Double-Bit Axe
13:58 Horse Collar
14:20 Loom
14:38 Gold Mining
17:59 Scale Barding Armor
19:43 Bow Saw
20:59 Wheelbarrow
20:10 Loom
22:45 Heavy Plow
23:31 Bloodlines
23:22 Husbandry
23:35 Gold Mining
27:25 Hand Cart
27:40 Stone Mining
28:30 Gold Shaft Mining
29:11 Chain Barding Armor
29:02 Forging
31:53 Imperial Age
30:17 Town Watch
31:24 Stone Shaft Mining
31:16 Ballistics
30:52 Murder Holes
31:08 Masonry
31:36 Iron Casting
30:51 Fletching
33:21 Plate Barding Armor
33:47 Blast Furnace
32:43 Bodkin Arrow
32:57 Town Patrol
34:43 Two-Man Saw
33:26 Heavy Camel Rider
36:55 Chemistry
36:01 Siege Engineers
36:07 Fortified Wall
36:36 Conscription
36:21 Grand Trunk Road
37:44 Hoardings
37:37 Bracer
37:36 Imperial Camel Rider
37:51 Light Cavalry
40:16 Hussar
41:41 Scale Mail Armor
42:58 Elite Ghulam
54:33 Caravan
Pikachu
10:50 Feudal Age
11:19 Loom
11:28 Double-Bit Axe
11:25 Horse Collar
11:38 Gold Mining
11:39 Horse Collar
18:09 Castle Age
16:08 Champi Runner
19:03 Squires
19:19 Heavy Plow
19:32 Bow Saw
20:06 Stone Mining
20:54 Gold Shaft Mining
21:43 Wheelbarrow
22:30 Loom
23:37 Hand Cart
24:18 Stone Shaft Mining
25:18 Town Watch
30:25 Imperial Age
27:51 Arson
28:35 Town Patrol
28:47 Forging
28:37 Scale Mail Armor
28:19 Champi Warrior
28:30 Champi Warrior
28:36 Champi Warrior
30:43 Iron Casting
30:25 Chain Mail Armor
29:44 Pikeman
32:49 Blast Furnace
32:39 Crop Rotation
34:19 Conscription
34:17 Capped Ram
34:23 Halberdier
36:12 Plate Mail Armor
35:14 Siege Ram
35:49 Elite Kamayuk
43:05 Fabric Shields
Dallo
9:28 Loom
11:49 Feudal Age
16:24 Castle Age
14:55 Forging
14:34 Double-Bit Axe
14:31 Horse Collar
16:23 Gold Mining
17:22 Wheelbarrow
17:46 Bow Saw
21:49 Fervor
22:30 Town Watch
22:45 Fletching
24:05 Wheelbarrow
24:15 Sanctity
25:02 Wheelbarrow
25:39 Town Patrol
26:39 Bloodlines
26:29 Husbandry
27:25 Hand Cart
28:56 Inquisition
30:39 Padded Archer Armor
30:34 Bodkin Arrow
30:45 Scale Barding Armor
31:16 Iron Casting
33:15 Imperial Age
30:47 Heavy Plow
30:40 Stone Mining
32:32 Ballistics
32:23 Masonry
32:25 Fortified Wall
34:29 Conscription
33:30 Elite Conquistador
34:09 Cavalier
35:43 Hoardings
35:30 Supremacy
36:09 Stone Shaft Mining
37:19 Chemistry
36:50 Architecture
39:05 Paladin
42:41 Bracer
42:56 Leather Archer Armor
43:42 Blast Furnace
43:02 Chain Barding Armor
43:54 Redemption
44:01 Block Printing
44:16 Illumination
47:28 Thumb Ring
52:12 Caravan
53:57 Two-Man Saw
Connection lost

Rejoining the realm…

Still unreachable

The connection could not be restored.

Session expired

The server has moved on; the page needs a fresh start.